 Dungeon Crawl Stone Soup version 0.20-a0-1124-g2e29d97 (webtiles) character file.

4806 wolfsongas the Cleaver (level 10, -2/91 HPs)
             Began as a Minotaur Fighter on May 15, 2017.
             Was a Priest of the Shining One.
             Slain by an orc warrior
             ... wielding a +0 halberd
              (23 damage)
             ... in a bailey.
             The game lasted 00:22:05 (6970 turns).

wolfsongas the Cleaver (Minotaur Fighter)           Turns: 6970, Time: 00:22:05

Health: -2/91      AC: 17    Str: 25    XL:     10   Next: 24%
Magic:  0/0        EV:  6    Int:  9    God:    the Shining One [***...]
Gold:   277        SH: 14    Dex: 19    Spells: 9/9 levels left

rFire    + . .     SeeInvis +   n - +8 hand axe of Wiph {venom, +Blink rN++ MR- SInv}
rCold    x . .     Gourm    .   c - +1 shield
rNeg     + + +     Faith    .   r - +0 plate armour of the Duchess {*Corrode +Inv MP-9 Dex+8}
rPois    .         Spirit   .   (helmet restricted)
rElec    .         Reflect  .   (no cloak)
rCorr    .         Harm     .   m - +0 pair of gloves
MR       .....     Clarity  +   j - +0 pair of boots
Stlth    ..........             (no amulet)
Regen    0.3/turn               h - ring of fire
MPRegen  0.1/turn               (no ring)

@: glowing
A: retaliatory headbutt, horns 2, clarity, clever 2, low mp 1, strong 1
a: Divine Shield, Renounce Religion, Evoke Blink, Evoke Invisibility


You were in a bailey.
You worshipped the Shining One.
The Shining One was most pleased with you.
You were hungry.

You visited 2 branches of the dungeon, and saw 9 of its levels.
You also visited: Bailey.

You collected 357 gold pieces.
You spent 80 gold pieces at shops.

Inventory:

Hand Weapons
 n - the +8 hand axe of Wiph (weapon) {venom, +Blink rN++ MR- SInv}
   (You took it off a gnoll on level 6 of the Dungeon)

   It poisons the flesh of those it strikes.
   It greatly protects you from negative energy.
   It affects your resistance to hostile enchantments.
   It lets you see invisible.
   It lets you blink.
Armour
 c - a +1 shield (worn)
 e - a +2 cloak of poison resistance
 j - a +0 pair of boots (worn)
 m - a +0 pair of gloves (worn)
 p - a scarf of repulsion
 r - the +0 plate armour of the Duchess (worn) {*Corrode +Inv MP-9 Dex+8}
   (You found it on level 8 of the Dungeon)

   It affects your dexterity (+8).
   It affects your magic capacity (-9).
   It lets you turn invisible.
   It may corrode you when you take damage.
Jewellery
 a - an uncursed ring of see invisible {unknown}
 h - a ring of fire (left hand)
Scrolls
 b - 2 scrolls of identify
 k - 4 scrolls of enchant weapon
Potions
 f - a potion of curing
Comestibles
 d - 3 bread rations
 g - 7 meat rations
 i - 7 fruits


   Skills:
 + Level 9.2 Fighting
 * Level 9.6(10.1) Axes
   Level 4.9(7.9) Maces & Flails
 + Level 9.3 Armour
 + Level 9.1 Shields


You had 9 spell levels left.
You didn't know any spells.

Dungeon Overview and Level Annotations

Branches:
Dungeon (8/15)             Temple (1/1) D:6
   Lair: D:8-11

Altars:
Fedhas
Nemelex Xobeh
Okawaru
Xom
Yredelemnul
Zin
The Shining One

Shops:
D:8 (*


Innate Abilities, Weirdness & Mutations

You reflexively headbutt those who attack you in melee.
You have a pair of horns on your head.
You possess an exceptional clarity of mind.
Your mind is very acute. (Int +4)
Your magical capacity is low. (-10% MP)
Your muscles are strong. (Str +2)


Message History

* * * LOW HITPOINT WARNING * * *
The weapon returns to the centaur!
You block the centaur's attack.
Things that are here:
a spear; a ring mail The centaur throws a javelin of returning.
The javelin of returning barely misses you.
The weapon returns to the centaur!
You block the centaur's attack.
The centaur throws a javelin of returning.
The javelin of returning hits you but does no damage.
The weapon returns to the centaur!
Things that are here:
a spear; a scale mail You hit the centaur but do no damage.
You headbutt the centaur.
The centaur is lightly wounded.
The centaur hits you but does no damage.
The centaur throws a javelin of returning.
The javelin of returning hits you but does no damage.
The weapon returns to the centaur!
The orc warrior hits you from afar with a halberd!!
You die...

#≈≈≈≈.≈≈≈.......,,≈≈≈,≈≈
#≈≈≈≈.≈.....≈≈≈.,,,,≈,≈≈
#≈≈≈.≈≈.⌠..≈≈≈≈≈,,⌠,≈≈,≈
#≈≈≈.≈.....≈≈≈≈≈,,,,,≈,≈
#≈≈.≈≈....≈≈≈≈≈≈≈,,,,≈≈,
#≈≈c≈..)..≈≈≈≈≈≈≈,,,,,≈,
#≈≈c≈.((..≈≈≈!≈≈≈,,,,,≈,
#≈≈.≈.()..≈≈≈)≈≈≈,,,,,≈,
#≈≈o≈.)@..≈≈≈|≈≈≈,,,,,≈,
#≈≈.≈..c..≈≈≈≈≈≈≈,,,,,≈,
#≈≈.≈≈..o.≈≈≈≈≈≈≈,,,,≈≈,
#≈≈≈.≈.....≈≈≈≈≈,,,,,≈,≈
#≈≈≈.≈≈.⌠..≈≈≈≈≈,,⌠,≈≈,≈
#≈≈≈≈.≈.....≈≈≈.,,,,≈,≈≈
#≈≈≈≈.≈≈≈......,,,≈≈≈,≈≈
#≈≈≈≈≈..≈≈≈....,≈≈≈,,≈≈≈
*≈≈≈≈≈≈≈,,≈≈≈,≈≈≈,,≈≈≈≈≈


You could see an orc warrior, 3 centaurs and an orc.

Vanquished Creatures
  A two-headed ogre (D:8)
  An ugly thing (D:7)
  Grinder (D:4)
  2 hippogriffs (D:7)
  The ghost of kapak the Conjurer, an amateur DrCj (D:3)
  Duvessa (D:3)
  A water moccasin (D:6)
  2 orc warriors
  An ice beast (D:6)
  A sky beast (D:5)
  2 black bears (D:7)
  4 centaurs
  A gnoll sergeant (D:6)
  5 bullfrogs
  Dowan (D:4)
  A scorpion (D:5)
  6 killer bees (D:8)
  A quasit (D:7)
  A centaur zombie (D:8)
  2 crimson imps (D:6)
  2 jellies
  Crazy Yiuf (D:4)
  3 hounds (D:5)
  2 orc priests (D:7)
  9 orc wizards
  2 centaur skeletons
  2 iguanas
  5 worker ants
  A hound skeleton (D:7)
  Robin (D:4)
  2 worker ant zombies (D:6)
  9 gnolls
  A howler monkey skeleton (D:6)
  12 adders
  2 shadow imps (D:5)
  An ooze (D:1)
  2 adder skeletons
  2 worms
  6 leopard geckos
  31 orcs
  2 bats
  6 giant cockroaches
  16 goblins
  7 hobgoblins
  6 jackals
  8 kobolds
  2 quokkas
  4 frilled lizards
  A jackal zombie (D:6)
  A leopard gecko skeleton (D:5)
  A quokka zombie (D:5)
  7 rats
  A butterfly (D:6)
194 creatures vanquished.

Vanquished Creatures (others)
  A black bear (D:6)
  2 jellies (D:6)
  3 orc priests (D:6)
  An adder (D:6)
  2 orcs (D:6)
9 creatures vanquished.

Grand Total: 203 creatures vanquished

Notes
Turn   | Place    | Note
-------+----------+-------------------------------------------
     0 | D:1      | wolfsongas the Minotaur Fighter began the quest for the Orb.
     0 | D:1      | Reached XP level 1. HP: 19/19 MP: 0/0
    48 | D:1      | Gained mutation: Your mind is acute. (Int +2) [potion of mutation]
    48 | D:1      | Gained mutation: You have supernaturally acute eyesight. (SInv) [potion of mutation]
   380 | D:1      | Reached XP level 2. HP: 27/27 MP: 1/1
   853 | D:2      | Reached XP level 3. HP: 28/33 MP: 2/2
  1547 | D:3      | Noticed kapak's ghost (amateur DrCj)
  1555 | D:3      | Killed kapak's ghost
  1555 | D:3      | Reached XP level 4. HP: 28/41 MP: 3/3
  1555 | D:3      | Reached XP level 5. HP: 33/47 MP: 4/4
  1655 | D:3      | Found a faded altar of an unknown god.
  1661 | D:3      | Became a worshipper of the Shining One
  1661 | D:3      | Reached * piety under the Shining One
  2403 | D:4      | Reached skill level 5 in Axes
  2417 | D:4      | Noticed Robin
  2425 | D:4      | Killed Robin
  2425 | D:4      | Reached skill level 5 in Armour
  2425 | D:4      | Reached XP level 6. HP: 55/55 MP: 5/5
  2518 | D:4      | Reached skill level 5 in Fighting
  2701 | D:4      | Noticed Dowan
  2702 | D:4      | Noticed Duvessa
  2722 | D:4      | Killed Dowan
  2722 | D:4      | Reached skill level 1 in Maces & Flails
  2722 | D:4      | Reached skill level 5 in Shields
  2747 | D:3      | Killed Duvessa
  2929 | D:4      | Reached XP level 7. HP: 61/61 MP: 6/6
  2966 | D:4      | Noticed Grinder
  3303 | D:4      | Paralysed by Grinder for 6 turns
  3311 | D:4      | Killed Grinder
  3683 | D:4      | Found a runed door.
  3781 | D:4      | Noticed Crazy Yiuf
  3783 | D:4      | Paralysed by Crazy Yiuf for 6 turns
  3794 | D:4      | Killed Crazy Yiuf
  3795 | D:4      | HP: 2/63 [poisoned by Crazy Yiuf]
  4197 | D:5      | Entered Level 5 of the Dungeon
  4305 | D:5      | Reached XP level 8. HP: 68/71 MP: 7/7
  4309 | D:5      | Gained mutation: Your muscles are strong. (Str +2) [mutagenic meat]
  4310 | D:5      | Gained mutation: Your mind is very acute. (Int +4) [mutagenic meat]
  4312 | D:5      | Lost mutation: You have supernaturally acute eyesight. (SInv) [mutagenic meat]
  4313 | D:5      | Gained mutation: Your magical capacity is low. (-10% MP) [mutagenic meat]
  4314 | D:5      | Gained mutation: You have a pair of large horns on your head. [mutagenic meat]
  4435 | D:5      | Reached ** piety under the Shining One
  4911 | D:6      | Got a shimmering short sword {protect}
  4912 | D:6      | Identified the +8 short sword of Doubt {protect, Str-2 SInv Stlth+} (You took it off an orc wizard on level 6 of the Dungeon)
  5169 | D:6      | Got a dazzling hand axe {venom}
  5170 | D:6      | Identified the +8 hand axe of Wiph {venom, +Blink rN++ MR- SInv} (You took it off a gnoll on level 6 of the Dungeon)
  5174 | D:6      | Found an iron altar of Okawaru.
  5290 | D:6      | Lost mutation: Your muscles are strong. (Str +2) [potion of mutation]
  5290 | D:6      | Lost mutation: You have a pair of large horns on your head. [potion of mutation]
  5290 | D:6      | Gained mutation: You possess an exceptional clarity of mind. [potion of mutation]
  5290 | D:6      | Gained mutation: Your muscles are strong. (Str +2) [potion of mutation]
  5308 | D:6      | Found a staircase to the Ecumenical Temple.
  5333 | Temple   | Entered the Ecumenical Temple
  5361 | D:6      | Reached XP level 9. HP: 80/80 MP: 7/7
  5400 | D:6      | Reached *** piety under the Shining One
  5516 | D:6      | Found a shimmering altar of Xom.
  5722 | D:7      | Noticed a red ugly thing
  5735 | D:7      | Killed a red ugly thing
  6690 | D:8      | Reached XP level 10. HP: 81/90 MP: 8/8
  6731 | D:8      | Got a faintly glowing plate armour
  6743 | D:8      | Identified the cursed +0 plate armour of the Duchess {*Corrode +Inv MP-9 Dex+8} (You found it on level 8 of the Dungeon)
  6792 | D:8      | Found Taank's Assorted Antiques.
  6794 | D:8      | Found Leoboap's Weapon Emporium.
  6812 | D:8      | Bought a scroll of identify for 40 gold pieces
  6812 | D:8      | Bought a scroll of identify for 40 gold pieces
  6848 | D:8      | Noticed a two-headed ogre
  6856 | D:8      | Killed a two-headed ogre
  6884 | D:8      | Found a flagged portal.
  6935 | Bailey   | Entered a bailey
  6970 | Bailey   | Slain by an orc warrior

Vault maps used:
D:1:      dpeg_arrival_brainrot
D:3:      chequers_ecumenical_altar_lobes
D:4:      first_bread, minmay_misc_feat_room, uniq_grinder,
          uniq_crazy_yiuf_cottage, uniq_robin, uniq_duvessa
D:5:      cheibrodos_gnoll_hut
D:6:      okawaru_ov_weapons_minmay, minmay_temple_entry_butterflies,
          xom_confusion_cloud
D:8:      erik_lair_dragon, serial_curves, eino_curves_04, eino_curves_03,
          serial_shops, shop, nicolae_shop_behind_doors, shop, enter_bailey_3
Temple:   grunt_wide_crystal_templ
Bailey:   bailey_polearm_flooded_kennysheep, bailey

Skill      XL: |  1  2  3  4  5  6  7  8  9 10 |
---------------+-------------------------------+-----
Axes           | 3 4 5 6 9 |  9.6
Fighting       | 4 5 6 7 8 9 |  9.2
Armour         | 4 5 6 7 9 |  9.3
Shields        | 4 5 6 7 8 9 |  9.1
Maces & Flails | 2 3 4 |  4.9

Action                   |  1- 3 |  4- 6 |  7- 9 | 10-12 || total
-------------------------+-------+-------+-------+-------++-------
Melee: War axe           |    72 |    57 |       |       ||   129
       Headbutt          |     9 |    13 |    50 |     9 ||    81
       Club              |       |    54 |   166 |       ||   220
       Hand axe          |       |       |   118 |    30 ||   148
  Use: Scroll            |     6 |       |     4 |     5 ||    15
       Potion            |     4 |       |     9 |     1 ||    14
  Eat: Chunk             |     2 |     1 |     8 |       ||    11
       Bread ration      |       |     1 |     1 |       ||     2
       Meat ration       |       |     1 |       |       ||     1
Armor: Scale mail        |    57 |    46 |   134 |     3 ||   240
       Plate armour      |       |       |       |    26 ||    26
Dodge: Dodged            |    29 |    37 |    80 |    19 ||   165
Block: Shield            |       |    36 |   157 |    62 ||   255
